 Dungeon Crawl Stone Soup version 0.28.0-45-g0d030f2227 (webtiles) character file.

Game seed: 12873995525836616603

675 DearestLeader the Shield-Bearer (level 7, 0/81 (90) HPs)
             Began as a Gnoll Fighter on Apr 4, 2022.
             Slain by a phantom (3 damage)
             ... on level 5 of the Dungeon.
             The game lasted 00:05:07 (3358 turns).

DearestLeader the Shield-Bearer (Gnoll Fighter)     Turns: 3358, Time: 00:05:08

HP:   0/81 (90)     AC: 23    Str: 18    XL:     7   Next: 59%
MP:   10/10         EV:  2    Int:  7    God:
Gold: 186           SH:  5    Dex: 11    Spells: 11/11 levels left

rFire   + . .      SeeInvis .   a - +1 war axe
rCold   . . .      Faith    .   c - +0 buckler
rNeg    . . .      Spirit   .   (armour currently unavailable)
rPois   +          Reflect  .   (helmet currently unavailable)
rElec   .          Harm     .   (cloak currently unavailable)
rCorr   .          Rampage  .   (gloves currently unavailable)
Will    .....      NoTele   +   (boots currently unavailable)
Stlth   ++........              (no amulet)
HPRegen 0.23/turn               k - ring of protection from fire
MPRegen 0.12/turn               (no ring)

@: tree-form, attractive, heavily drained
A: stationary, stasis, torment immunity, boosted hp, (fangs 1), strong nose,
distributed training
a: no special abilities


You were on level 5 of the Dungeon.
You were a tree.
You visited 1 branch of the dungeon, and saw 5 of its levels.
You also visited: Sewer.

You collected 186 gold pieces.

Inventory:

Hand Weapons
 a - a +1 war axe (weapon)
Missiles
 q - a throwing net (quivered)
Armour
 b - a +0 scale mail (melded)
 c - a +0 buckler (worn)
 p - a +0 cloak (melded)
Jewellery
 k - a ring of protection from fire (left branch)
Wands
 g - a wand of iceblast (5)
Scrolls
 e - a scroll of identify
 i - a scroll of teleportation
 j - 2 scrolls of enchant weapon
 l - a scroll of acquirement {unknown}
 n - a scroll of torment {unknown}
 o - a scroll of summoning {unknown}
 r - a scroll of blinking {unknown}
Potions
 d - a potion of might
 m - a potion of flight


   Skills:
 + Level 7.1 Fighting
 + Level 2.6 Short Blades
 + Level 2.6 Long Blades
 + Level 5.3 Axes
 + Level 2.6 Maces & Flails
 + Level 2.6 Polearms
 + Level 2.6 Staves
 + Level 2.6 Slings
 + Level 2.6 Bows
 + Level 2.6 Crossbows
 + Level 2.6 Throwing
 + Level 7.1 Armour
 + Level 2.6 Dodging
 + Level 2.6 Stealth
 + Level 7.1 Shields
 + Level 2.6 Unarmed Combat
 + Level 2.6 Spellcasting
 + Level 2.1 Conjurations
 + Level 2.1 Hexes
 + Level 2.1 Summonings
 + Level 2.1 Necromancy
 + Level 2.1 Translocations
 + Level 2.1 Transmutations
 + Level 2.1 Fire Magic
 + Level 2.1 Ice Magic
 + Level 2.1 Air Magic
 + Level 2.1 Earth Magic
 + Level 2.1 Poison Magic
 + Level 2.9 Invocations
 + Level 2.6 Evocations


You had 11 spell levels left.
You didn't know any spells.
Your spell library contained the following spells:

 Spells                   Type           Power      Damage    Failure   Level
 Foxfire                  Conj/Fire      12%        2x1d4     19%         1
 Slow                     Hex            12%        N/A       19%         1
 Confusing Touch          Hex            3%         N/A       50%         3
 Conjure Flame            Conj/Fire      3%         6-21      50%         3
 Inner Flame              Hex/Fire       3%         N/A       50%         3
 Vampiric Draining        Necr           3%         2d6       50%         3
 Flame Wave               Conj/Fire      3%         2d4       88%         4


Dungeon Overview and Level Annotations

Branches:
Dungeon (5/15)              Sewer (visited)
 Temple: D:4-7

Altars:

Shops:
D:3 =


Innate Abilities, Weirdness & Mutations

You are a tree.
Your roots penetrate the ground, keeping you stationary.
You cannot be teleported.
You are immune to unholy pain and torment.
Your maximum health is greatly increased.
Your equipment is partially melded.
((You have very sharp teeth.))
Your uncanny sense of smell can sniff out nearby items.
Your experience applies equally to all skills.


Message History

The phantom blinks!
You blink.
The gnoll is attracted toward you. x3
It was a potion of lignification.
You turn into a tree.
Your +0 cloak melds into your body.
Your +0 scale mail melds into your body.
Your roots penetrate the ground.
You feel strangely stable.
The phantom hits you but does no damage.
The gnoll hits you but does no damage. The gnoll is attracted toward you.
You cannot move.
You barely miss the gnoll. You barely miss the phantom.
The phantom hits you but does no damage.
The gnoll hits you but does no damage.
You slash the gnoll!
You kill the gnoll!
You hit the phantom. You barely miss the gnoll.
The phantom hits you but does no damage.
You block the gnoll's attack. The gnoll hits you but does no damage.
The phantom hits you.
* * * LOW HITPOINT WARNING * * *
You hit the gnoll.
The gnoll is almost dead.
You completely miss the gnoll. You barely miss the phantom.
The gnoll barely misses you. The gnoll hits you with a +0 club.
* * * LOW HITPOINT WARNING * * *
The phantom hits you but does no damage.
The gnoll hits you but does no damage.
You feel drained.
You slash the gnoll!
You kill the gnoll!
You closely miss the phantom. You hit the gnoll.
The phantom hits you but does no damage.
You block the gnoll's attack.
Unknown command.
You hit the gnoll but do no damage.
The gnoll is severely wounded.
You hit the phantom.
The phantom hits you but does no damage.
The gnoll hits you but does no damage.
You feel drained.
You barely miss the gnoll.
The gnoll is severely wounded.
You hit the phantom. The phantom hits you.
You die...

########
##......##
##........##
#..........#
#..........#
#...♣W.?...#
#..g)......#
#..........#
##........##
#..........#
#..........#
#..........#
##...$>.=..#
#.........#


You could see a phantom and a gnoll.

Vanquished Creatures
  Sigmund (D:2)
  Pargi (Sewer)
  A black bear (D:5)
  A water moccasin zombie (D:5)
  A jelly (D:4)
  A centaur zombie (D:4)
  Crazy Yiuf (D:4)
  Jessica (D:2)
  5 gnolls
  2 adders (D:2)
  A river rat (D:4)
  An ufetubus (D:4)
  A worm (D:4)
  A dart slug (D:3)
  An orc (D:3)
  6 ball pythons
  5 endoplasms
  8 giant cockroaches
  4 goblins
  4 hobgoblins
  2 jackals (D:3)
  3 quokkas
  4 bats
  5 frilled lizards
  12 kobolds
  5 rats
78 creatures vanquished.

Vanquished Creatures (others)
  16 plants
16 creatures vanquished.

Grand Total: 94 creatures vanquished

Notes
Turn   | Place    | Note
-------+----------+-------------------------------------------
     0 | D:1      | DearestLeader the Gnoll Fighter began the quest for the
                  | Orb.
     0 | D:1      | Reached XP level 1. HP: 23/23 MP: 1/1
   148 | D:1      | Reached XP level 2. HP: 27/29 MP: 2/2
   435 | D:1      | Found a faded altar of an unknown god.
   645 | D:2      | Noticed Jessica
   650 | D:2      | Killed Jessica
   651 | D:2      | Reached skill level 1 in Invocations
   651 | D:2      | Reached XP level 3. HP: 33/35 MP: 2/4
   663 | D:2      | Reached skill level 1 in Short Blades
   663 | D:2      | Reached skill level 1 in Long Blades
   663 | D:2      | Reached skill level 1 in Maces & Flails
   663 | D:2      | Reached skill level 1 in Polearms
   663 | D:2      | Reached skill level 1 in Staves
   663 | D:2      | Reached skill level 1 in Slings
   663 | D:2      | Reached skill level 1 in Bows
   663 | D:2      | Reached skill level 1 in Crossbows
   663 | D:2      | Reached skill level 1 in Throwing
   663 | D:2      | Reached skill level 1 in Dodging
   663 | D:2      | Reached skill level 1 in Stealth
   663 | D:2      | Reached skill level 1 in Unarmed Combat
   663 | D:2      | Reached skill level 1 in Spellcasting
   663 | D:2      | Reached skill level 1 in Evocations
   756 | D:2      | Reached XP level 4. HP: 41/41 MP: 5/5
   833 | D:2      | Noticed Sigmund
   838 | D:2      | Killed Sigmund
   839 | D:2      | Reached skill level 1 in Conjurations
   839 | D:2      | Reached skill level 1 in Hexes
   839 | D:2      | Reached skill level 1 in Summonings
   839 | D:2      | Reached skill level 1 in Necromancy
   839 | D:2      | Reached skill level 1 in Translocations
   839 | D:2      | Reached skill level 1 in Transmutations
   839 | D:2      | Reached skill level 1 in Fire Magic
   839 | D:2      | Reached skill level 1 in Ice Magic
   839 | D:2      | Reached skill level 1 in Air Magic
   839 | D:2      | Reached skill level 1 in Earth Magic
   839 | D:2      | Reached skill level 1 in Poison Magic
   839 | D:2      | Reached XP level 5. HP: 39/47 MP: 5/7
   913 | D:2      | Reached XP level 6. HP: 51/53 MP: 8/8
  1630 | D:3      | Found Asur's Jewellery Shop.
  1991 | D:4      | Found a glowing drain.
  1999 | D:4      | Reached skill level 5 in Axes
  2014 | Sewer    | Entered a sewer
  2059 | Sewer    | Noticed Pargi
  2066 | Sewer    | Killed Pargi
  2248 | D:4      | Reached XP level 7. HP: 59/59 MP: 10/10
  2824 | D:4      | Found a runed translucent door.
  2825 | D:4      | Noticed Crazy Yiuf
  3151 | D:4      | Killed Crazy Yiuf
  3193 | D:5      | Entered Level 5 of the Dungeon
  3351 | D:5      | HP: 2/56 [phantom (4)]
  3358 | D:5      | Slain by a phantom

Illustrated notes

Levels and vault maps discovered:
D:1:      amcnicky_arrival_blooded_trapdoor, layout_rooms,
          ebering_ecumenical_altar_sacrificial
D:2:      layout_loops_ring, serial_bayou_pond_a, st_stairs_10, uniq_sigmund,
          uniq_jessica
D:3:      layout_loops_ring, serial_shops, shop
D:4:      layout_basic, portal_sewer_entry_a, st_stairs_6, grunt_ministairs_15,
          chequers_big_river, chequers_serial_rivers_room_a,
          kennysheep_generic_room_10, uniq_crazy_yiuf_cottage
D:5:      layout_rooms, kennysheep_path_1, minmay_misc_feat_hallway

Skill      XL: |  1  2  3  4  5  6  7 |
---------------+----------------------+-----
Invocations    | 1 2 |  2.9
Short Blades   | 1 2 |  2.6
Long Blades    | 1 2 |  2.6
Maces & Flails | 1 2 |  2.6
Polearms       | 1 2 |  2.6
Staves         | 1 2 |  2.6
Slings         | 1 2 |  2.6
Bows           | 1 2 |  2.6
Crossbows      | 1 2 |  2.6
Throwing       | 1 2 |  2.6
Dodging        | 1 2 |  2.6
Stealth        | 1 2 |  2.6
Unarmed Combat | 1 2 |  2.6
Spellcasting   | 1 2 |  2.6
Evocations     | 1 2 |  2.6
Conjurations   | 1 2 |  2.1
Hexes          | 1 2 |  2.1
Summonings     | 1 2 |  2.1
Necromancy     | 1 2 |  2.1
Translocations | 1 2 |  2.1
Transmutations | 1 2 |  2.1
Fire Magic     | 1 2 |  2.1
Ice Magic      | 1 2 |  2.1
Air Magic      | 1 2 |  2.1
Earth Magic    | 1 2 |  2.1
Poison Magic   | 1 2 |  2.1
Axes           | 5 |  5.3
Fighting       | 7 |  7.1
Armour         | 7 |  7.1
Shields        | 7 |  7.1

Action                   |  1- 3 |  4- 6 |  7- 9 || total
-------------------------+-------+-------+-------++-------
Melee: War axe           |    45 |   103 |    45 ||   193
       Bite              |     2 |     4 |     5 ||    11
  Use: Potion            |       |     1 |     3 ||     4
       Scroll            |       |     5 |     1 ||     6
Armor: Scale mail        |    21 |    42 |    20 ||    83
       Skin              |       |       |    11 ||    11
Dodge: Dodged            |    16 |    48 |    33 ||    97
Block: Buckler           |    14 |    37 |    15 ||    66
